 Dungeon Sprint DCSS version 0.19.1 (webtiles) character file.

3402 equalderp2856 the Ripper (level 9, -31/60 HPs)
             Began as a Felid Fighter on Dec 2, 2016.
             Was a High Priest of Hepliaklqana.
             Annihilated by Saint Roka
             ... wielding a +0 great mace of holy wrath
              (34 damage)
             ... in the Dungeon (Sprint IX: "|||||||||||||||||||||||||||||").
             The game lasted 00:08:52 (3072 turns).

equalderp2856 the Ripper (Felid Fighter)            Turns: 3072, Time: 00:08:53

Health: -31/60     AC:  6    Str: 18    XL:     9   Next: 75%
Magic:  12/12      EV: 32    Int: 10    God:    Hepliaklqana [*****.]
Gold:   657        SH:  0    Dex: 18    Spells: 0 memorised, 8 levels left
                                        Lives:  0   Deaths: 3

rFire  . . .     SeeInvis +       - Unarmed
rCold  . . .     Gourm    .     (armour unavailable)
rNeg   . . .     Faith    .     (shield unavailable)
rPois  .         Spirit   .     (helmet unavailable)
rElec  .         Reflect  .     (cloak unavailable)
rCorr  .         Harm     .     (gloves unavailable)
MR     +....     NoTele   +     (boots unavailable)
Stlth  ..........               (no amulet)
                                n - +2 ring of protection
                                m - +2 ring of protection

@: mighty, berserking (expiring), very quick
A: no armour, no weapons or thrown items, stealth, reduced essence, claws 1,
fangs 3, see invisible, carnivore 3, speed 1, shaggy fur 2, slow metabolism 1,
sharp paws
a: Ancestor Life: Knight, Ancestor Life: Battlemage, Ancestor Life: Hexer,
Recall Ancestor, Ancestor Identity, Transference, Idealise, Renounce Religion


You were in the Dungeon.
You worshipped Hepliaklqana.
Hepliaklqana was extremely pleased with you.
You were not hungry.

You visited 1 branch You collected 657 gold pieces.

Inventory:

Jewellery
 m - a +2 ring of protection (left paw)
 n - a +2 ring of protection (right paw)
 s - an uncursed ring of protection from magic
 t - an uncursed ring of protection from magic
 u - an uncursed ring of ice
Wands
 l - a wand of acid (4/15)
Scrolls
 h - 3 scrolls of blinking
 j - 3 scrolls of remove curse
 k - 2 scrolls of amnesia
 p - 2 scrolls of identify
 q - a scroll of fog
 r - a scroll of fear
Potions
 c - a potion of invisibility
 d - 5 potions of heal wounds
 e - 3 potions of haste
 f - 4 potions of magic
 g - a potion of berserk rage
 i - 7 potions of curing
 o - a potion of resistance
Comestibles
 b - a meat ration


   Skills:
 + Level 9.0 Fighting
 + Level 15.9 Dodging
 + Level 10.1 Stealth
 + Level 20.5 Unarmed Combat
 + Level 2.7 Evocations


You had 8 spell levels left.
You didn't know any spells.

Dungeon Overview and Level Annotations

Branches:
Dungeon (1/1)

Altars:
Cheibriados
Dithmenos
Elyvilon
Fedhas
Gozag
Hepliaklqana
Kikubaaqudgha
Makhleb
Nemelex Xobeh
Okawaru
Qazlal
Ru
Sif Muna
Trog
Uskayaw
Vehumet
Xom
Yredelemnul
Zin
The Shining One
Beogh
Jiyva
Lugonu

Shops:
D :=(:

Annotations:
D exclusion: oklob plant, Saint Roka


Innate Abilities, Weirdness & Mutations

You cannot wear armour.
You are incapable of wielding weapons or throwing items.
Your paws allow you to move quietly. (Stealth)
You have sharp claws.
You have razor-sharp teeth.
You have supernaturally acute eyesight. (SInv)
You are carnivorous and can eat meat at any time.
You cover ground quickly.
You are covered in thick fur. (AC +2)
You have a slow metabolism.
Your sharp claws are effective at attacking unaware monsters.
Your life essence is reduced. (-10% HP)


Message History

You are too berserk!
You closely miss Saint Roka. You bite Saint Roka, but do no damage.
Saint Roka is moderately wounded.
Unknown command.
You mangle Saint Roka!!
Saint Roka is heavily wounded.
Saint Roka roars a battlecry!
The orc warrior goes into a battle-frenzy!
Unknown command.
You claw Saint Roka! Your bite misses Saint Roka.
Saint Roka is heavily wounded.
Unknown command.
You barely miss Saint Roka. Your bite misses Saint Roka.
Saint Roka is heavily wounded.
Unknown command.
You claw Saint Roka!
Saint Roka is severely wounded.
Saint Roka hits you with a great mace of holy wrath!!
Ouch! That really hurt!
You die...

.................................
▓▓▓▓▓▓▓▓▓▓▓▓▓▓▓▓▓▓▓▓▓▓▓▓▓▓▓▓▓▓▓▓▓
).[[[[[[[[..........+
▓▓▓▓▓▓▓▓▓▓▓▓▓▓▓▓▓▓▓▓▓
▓▓▓▓▓▓▓▓▓▓▓▓▓▓▓▓▓▓▓▓▓▓▓▓
...oooo@).).............
▓▓▓▓▓▓▓▓▓▓▓▓▓▓▓▓▓▓▓▓▓▓▓▓


You could see Saint Roka, an orc warrior, an orc priest and an orc.

Vanquished Creatures
  A hydra (D)
  7 orc high priests (D)
  A hill giant (D)
  Joseph (D)
  3 spiny frogs (D)
  3 komodo dragons (D)
  2 polar bears (D)
  A hippogriff (D)
  2 yaks (D)
  An orc warrior (D)
  2 sky beasts (D)
  2 ogres (D)
  2 centaurs (D)
  2 crocodiles (D)
  3 bullfrogs (D)
  6 orc priests (D)
  An iguana (D)
  3 worker ants (D)
  An adder (D)
  A leopard gecko (D)
  2 orcs (D)
  A bat (D)
  A bat skeleton (D)
  A bat zombie (D)
  2 goblins (D)
  A kobold (D)
  A rat (D)
54 creatures vanquished.

Vanquished Creatures (others)
  8 ancestors (D)
8 creatures vanquished.

Grand Total: 62 creatures vanquished

Notes
Turn   | Place    | Note
-------+----------+-------------------------------------------
     0 | D        | equalderp2856 the Felid Fighter began the quest for the Orb.
     0 | D        | Reached XP level 1. HP: 10/10 MP: 2/2
    38 | D        | Noticed a worker ant
    38 | D        | Noticed a sky beast
    40 | D        | Reached skill level 5 in Unarmed Combat
    40 | D        | Reached XP level 2. HP: 14/14 MP: 3/3
    48 | D        | Reached skill level 5 in Dodging
    48 | D        | Reached skill level 6 in Unarmed Combat
    48 | D        | Reached XP level 3. HP: 6/18 MP: 4/4
    66 | D        | Reached skill level 1 in Stealth
    78 | D        | Killed a sky beast
    78 | D        | Reached skill level 5 in Fighting
    78 | D        | Reached skill level 8 in Unarmed Combat
    78 | D        | Reached XP level 4. HP: 21/23 MP: 5/5
   110 | D        | Found a roughly hewn altar of Beogh.
   110 | D        | Found a snail-covered altar of Cheibriados.
   110 | D        | Found a shadowy altar of Dithmenos.
   110 | D        | Found a white marble altar of Elyvilon.
   110 | D        | Found a blossoming altar of Fedhas.
   110 | D        | Found an opulent altar of Gozag.
   111 | D        | Found a hazy altar of Hepliaklqana.
   112 | D        | Found a viscous altar of Jiyva.
   113 | D        | Found an ancient bone altar of Kikubaaqudgha.
   114 | D        | Found a corrupted altar of Lugonu.
   115 | D        | Found a burning altar of Makhleb.
   116 | D        | Found a sparkling altar of Nemelex Xobeh.
   117 | D        | Found an iron altar of Okawaru.
   118 | D        | Found a stormy altar of Qazlal.
   119 | D        | Became a worshipper of Hepliaklqana the Forgotten
   120 | D        | Found a sacrificial altar of Ru.
   121 | D        | Found a deep blue altar of Sif Muna.
   122 | D        | Found a bloodstained altar of Trog.
   123 | D        | Found a hide-covered altar of Uskayaw.
   124 | D        | Found a radiant altar of Vehumet.
   125 | D        | Found a shimmering altar of Xom.
   126 | D        | Found a basalt altar of Yredelemnul.
   127 | D        | Found a glowing silver altar of Zin.
   128 | D        | Found a glowing golden altar of the Shining One.
   155 | D        | Reached * piety under Hepliaklqana
   155 | D        | Noticed a centaur
   155 | D        | Noticed a bullfrog
   155 | D        | Noticed a hill giant
   164 | D        | Reached XP level 5. HP: 23/23 MP: 6/6
   172 | D        | Killed a centaur
   172 | D        | Reached skill level 9 in Unarmed Combat
   241 | D        | Reached skill level 10 in Unarmed Combat
   241 | D        | Gained mutation: You are covered in thick fur. (AC +2) [Felid growth]
   241 | D        | Reached XP level 6. HP: 10/27 MP: 7/7
   474 | D        | Killed a hill giant
   474 | D        | Reached skill level 10 in Dodging
   474 | D        | Reached skill level 12 in Unarmed Combat
   474 | D        | Reached XP level 7. HP: 32/32 MP: 8/8
   476 | D        | Reached skill level 13 in Unarmed Combat
   500 | D        | Reached skill level 5 in Stealth
   513 | D        | Reached XP level 8. HP: 9/36 MP: 9/9
   617 | D        | Reached ** piety under Hepliaklqana
   689 | D        | Noticed a hippogriff
   689 | D        | Noticed a spiny frog
   689 | D        | Noticed a komodo dragon
   689 | D        | Noticed a komodo dragon
   690 | D        | Noticed a spiny frog
   700 | D        | Killed a hippogriff
   700 | D        | Reached skill level 14 in Unarmed Combat
   706 | D        | Killed a spiny frog
   713 | D        | Killed a komodo dragon
   713 | D        | Reached skill level 15 in Unarmed Combat
   719 | D        | Slain by a komodo dragon
   720 | D        | Reached XP level 7. HP: -1/33 MP: 8/8
   772 | D        | Killed a komodo dragon
   772 | D        | Reached XP level 8. HP: 36/36 MP: 9/9
   785 | D        | Killed a spiny frog
   785 | D        | Reached skill level 16 in Unarmed Combat
   923 | D        | Noticed a komodo dragon
   923 | D        | Noticed a five-headed hydra
   923 | D        | Noticed a spiny frog
   923 | D        | Noticed a polar bear
   923 | D        | Noticed a polar bear
   924 | D        | Noticed an oklob plant
  1162 | D        | Killed a komodo dragon
  1162 | D        | Reached skill level 17 in Unarmed Combat
  1162 | D        | Reached XP level 9. HP: 40/40 MP: 10/10
  1455 | D        | Killed a five-headed hydra
  1679 | D        | Killed a spiny frog
  1824 | D        | Killed a polar bear
  1824 | D        | Reached skill level 18 in Unarmed Combat
  1824 | D        | Reached skill level 1 in Evocations
  1870 | D        | Killed a polar bear
  2001 | D        | Noticed a polar bear
  2010 | D        | Killed from afar by an oklob plant
  2011 | D        | Reached XP level 8. HP: 0/36 MP: 9/9
  2041 | D        | Reached *** piety under Hepliaklqana
  2087 | D        | Noticed Joseph
  2099 | D        | Killed Joseph
  2099 | D        | Reached XP level 9. HP: 40/40 MP: 10/10
  2120 | D        | Reached **** piety under Hepliaklqana
  2190 | D        | Found Miusejoq's Book Shoppe.
  2190 | D        | Noticed an orc high priest
  2190 | D        | Noticed an orc high priest
  2193 | D        | Found Nuerusemo's Weapon Emporium.
  2194 | D        | Killed an orc high priest
  2195 | D        | Noticed an orc high priest
  2196 | D        | Killed an orc high priest
  2196 | D        | Reached skill level 15 in Dodging
  2196 | D        | Reached skill level 19 in Unarmed Combat
  2197 | D        | Found Iseufem's Jewellery Shoppe.
  2201 | D        | Noticed an orc high priest
  2203 | D        | HP: 1/40 [orc high priest/divine providence (13)]
  2579 | D        | Killed an orc high priest
  2579 | D        | Reached XP level 10. HP: 36/44 MP: 12/12
  2592 | D        | Killed an orc high priest
  2601 | D        | Found Vacwuet's Book Emporium.
  2603 | D        | Noticed an orc high priest
  2604 | D        | Noticed an orc high priest
  2790 | D        | Killed an orc high priest
  2790 | D        | Reached skill level 20 in Unarmed Combat
  2806 | D        | Noticed a smoke demon
  2806 | D        | Killed an orc high priest
  2818 | D        | Noticed an orc high priest
  2826 | D        | Killed an orc high priest
  2826 | D        | Reached skill level 10 in Stealth
  2880 | D        | Noticed an orc knight
  2881 | D        | Noticed an orc sorcerer
  2997 | D        | Slain by an orc warrior
  2998 | D        | Reached XP level 9. HP: -3/40 MP: 12/12
  2998 | D        | Reached ***** piety under Hepliaklqana
  3047 | D        | Noticed Saint Roka
  3067 | D        | HP: 3/60 [Saint Roka/divine providence (14)]
  3072 | D        | Annihilated by Saint Roka

Skill      XL: |  1  2  3  4  5  6  7  8  9 10 |
---------------+-------------------------------+-----
Unarmed Combat | 5 6 8 10 12 13 17 19 20 | 20.5
Fighting       | 4 5 6 7 8 9 |  9.0
Dodging        | 5 7 8 10 11 13 15 | 15.9
Stealth        | 1 2 3 4 5 6 8 10 | 10.1
Evocations     | 2 |  2.7

Action                   |  1- 3 |  4- 6 |  7- 9 | 10-12 || total
-------------------------+-------+-------+-------+-------++-------
Melee: Unarmed           |    46 |    33 |   171 |    28 ||   278
       Punch             |     1 |     5 |    20 |     3 ||    29
       Bite              |     4 |     6 |    20 |     5 ||    35
Evoke: Wand              |       |       |     3 |       ||     3
  Use: Potion            |     2 |       |     4 |       ||     6
 Stab: Sleeping          |     1 |       |     4 |       ||     5
  Eat: Chunk             |       |     3 |     6 |       ||     9
Armor: Skin              |     3 |     4 |    11 |       ||    18
Dodge: Dodged            |    34 |    24 |   123 |    15 ||   196
